Map: Ever Dream LE

Players

goblin

  • Race: Protoss Protoss
  • League: Grandmaster
  • Spawn Location: 1:00

Van (Vanya) - Winner!

  • Race: Zerg Zerg
  • League: Master
  • Spawn Location: 7:00

Event: DreamHack SC2 Masters 2020 Fall

VOD

Have the link to the VOD?

Description

Time

  • Played on: Sept. 1, 2020, 2:32 p.m.
  • Length: 7:49

All games in this series

Show
View Real Time Build Order
Export as new Build Order

goblin Protoss 

Build Orders: 1 Gate Expand, Blink Stalkers 

Get SALT Encoding   

  12  0:00  Probe  
  13  0:12  Probe  
  14  0:17  Pylon  
  14  0:24  Probe (Chrono Boost)  
  15  0:36  Probe (Chrono Boost)  
  15  0:37  Gateway  
  16  0:44  Probe (Chrono Boost)  
  16  0:46  Assimilator  
  17  0:51  Probe  
  18  1:03  Probe  
  19  1:19  Nexus  
  19  1:22  Probe  
  20  1:34  Cybernetics Core  
  20  1:36  Probe  
  21  1:41  Assimilator  
  21  1:48  Probe (Chrono Boost)  
  21  1:51  Pylon  
  22  2:01  Probe (Chrono Boost)  
  23  2:08  Adept (Chrono Boost)  
  23  2:09  Probe (Chrono Boost)  
  23  2:14  Warp Gate  
  26  2:17  Probe  
  26  2:21  Twilight Council  
  28  2:31  Probe (Chrono Boost)  
  28  2:34  Stalker, Probe (Chrono Boost)  
  31  2:40  Probe (Chrono Boost)  
  31  2:43  Probe (Chrono Boost)  
  33  2:45  Probe (Chrono Boost)  
  34  2:53  Probe  
  34  2:55  Blink (Chrono Boost)  
  34  2:57  Probe  
  37  3:08  Probe (Chrono Boost)  
  37  3:10  Probe (Chrono Boost)  
  38  3:15  Robotics Facility  
  40  3:20  Probe (Chrono Boost)  
  40  3:21  Probe (Chrono Boost)  
  40  3:24  Probe (Chrono Boost)  
  40  3:26  Gateway  
  41  3:29  Probe  
  42  3:36  Gateway  
  42  3:43  Gateway x2  
  42  3:47  Gateway  
  42  3:51  Assimilator  
  42  3:53  Pylon  
  42  3:57  Probe x2  
  42  4:00  Warp Prism (Chrono Boost)  
  46  4:09  Pylon  
  46  4:11  Probe  
  46  4:14  Stalker  
  49  4:19  Pylon  
  49  4:21  Stalker  
  51  4:28  Observer (Chrono Boost)  
  51  4:30  Pylon  
  52  4:34  Stalker  
  54  4:39  Stalker x2  
  54  4:40  Stalker  
  60  4:49  Pylon  
  60  4:56  Stalker x2  
  60  4:58  Stalker  
  66  5:03  Stalker x2  
  70  5:10  Stalker  
  72  5:28  Stalker x2  
  72  5:29  Stalker x2  
  72  5:31  Stalker  
  72  5:32  Pylon  
  72  5:34  Assimilator  
  76  6:00  Stalker x4  
  82  6:04  Stalker  
  82  6:09  Stalker  
  86  6:15  Pylon  
  86  6:27  Stalker x4  
  86  6:30  Pylon  
  86  7:00  Zealot  
  71  7:15  Stalker x2  
  71  7:16  Stalker  
  71  7:24  Pylon  
  67  7:35  Stalker x3  
Show
View Real Time Build Order
Export as new Build Order

Van Zerg - Winner!

Build Orders: Hatch First 

Get SALT Encoding   

  12  0:00  Drone  
  13  0:12  Overlord  
  13  0:16  Drone  
  14  0:30  Drone x2  
  16  0:47  Hatchery  
  15  0:50  Drone  
  15  0:54  Drone  
  17  0:57  Drone  
  18  1:08  Extractor  
  17  1:12  Spawning Pool  
  17  1:15  Drone  
  17  1:18  Drone  
  18  1:30  Drone  
  19  1:42  Hatchery  
  19  1:44  Drone  
  19  1:49  Drone  
  20  1:59  Queen  
  22  2:01  Drone  
  22  2:05  Drone  
  24  2:14  Queen  
  26  2:19  Overlord  
  26  2:22  Drone  
  27  2:24  Drone  
  28  2:38  Queen, Zergling x2  
  28  2:41  Drone  
  28  2:43  Overlord  
  32  2:44  Drone  
  32  2:47  Drone  
  32  2:50  Metabolic Boost  
  34  2:57  Queen  
  36  3:00  Drone  
  37  3:05  Drone  
  37  3:06  Drone  
  37  3:11  Drone  
  40  3:18  Overlord  
  40  3:22  Drone x2  
  40  3:23  Zergling x2  
  40  3:24  Zergling x2  
  40  3:25  Drone x4  
  48  3:33  Roach Warren  
  48  3:34  Extractor  
  46  3:37  Drone x3  
  49  3:48  Drone x4  
  53  3:49  Overlord  
  53  3:55  Overlord  
  53  4:15  Roach x7, Spore Crawler  
  66  4:17  Overlord  
  66  4:20  Zergling x6  
  69  4:29  Overlord  
  69  4:33  Overlord  
  69  4:36  Zergling x2  
  69  4:37  Zergling x6  
  74  4:41  Overlord  
  73  4:48  Zergling x14  
  73  4:51  Ravager  
  81  4:56  Zergling x8  
  81  4:57  Ravager x2  
  87  5:01  Zergling x6  
  87  5:03  Overlord  
  87  5:04  Zergling x4  
  92  5:07  Ravager  
  92  5:08  Zergling x2  
  92  5:09  Zergling x4  
  96  5:15  Overlord  
  96  5:17  Zergling x2  
  96  5:19  Overlord  
  97  5:23  Zergling x6  
  97  5:27  Zergling x6  
  103  5:30  Overlord  
  103  5:31  Zergling x4  
  105  5:39  Zergling x12  
  100  5:52  Zergling x6  
  95  5:59  Zergling x8  
  98  6:05  Roach x5  
  98  6:11  Zergling x6  
  111  6:17  Roach x2  
  115  6:21  Zergling x2  
  117  6:25  Ravager x2  
  117  6:26  Ravager  
  117  6:27  Hatchery  
  117  6:28  Zergling x4  
  119  6:34  Zergling x16  
  127  6:43  Zergling x10  
  126  6:51  Zergling x4  
  124  6:58  Zergling x2  
  115  7:02  Zergling x8  
  115  7:06  Zergling x8  
  115  7:15  Zergling x6  
  112  7:19  Zergling x2  
  108  7:23  Zergling x2  
  108  7:24  Zergling x4  

Tags
 
Add a new tag
Caveats
  • Supply blocks, unpowered buildings, or Contaminate may cause inaccurate times.
  • Supply counts are checked every 10 seconds.